[Event "Late-Titled-Tuesday-Blitz-June-04-2024"]
[Site "Chess.com"]
[Date "2024.06.04"]
[Round "4"]
[White "cthulhuuu"]
[Black "ChessFanNM"]
[Result "1-0"]
[WhiteElo "2447"]
[BlackElo "2245"]
[TimeControl "180+1"]
[EndTime "14:38:37 PDT"]
[Termination "cthulhuuu won by checkmate"]

1. e4 e5 2. Nf3 Nc6 3. d3 Nf6 4. g3 d5 5. exd5 Nxd5 6. Bg2 Be7 7. O-O O-O 8. Re1 Bf6 9. Nc3 Nxc3 10. bxc3 Bg4 11. h3 Bh5 12. Rb1 Rb8 13. g4 Bg6 14. Nd2 Bh4 15. Nf3 Bf6 16. g5 Be7 17. Nxe5 Nxe5 18. Rxe5 Bd6 19. Re1 c6 20. Be3 Qa5 21. Rb3 Rfe8 22. Qb1 Qe5 23. Rxb7 Qh2+ 24. Kf1 Bf5 25.
Qb3 Rxb7 26. Qxb7 Bxh3 27. Qxc6 Qh1+ 28. Ke2 Rxe3+ 29. fxe3 Bg4+ 30. Kd2 Qh2 31. Kc1 Qg3 32. Rf1 Be6 33. Qf3 Ba3+ 34. Kd2 Qc7 35. Bh3 Bb2 36. Bxe6 Bxc3+ 37. Ke2 fxe6 38. Qa8+ Qc8 39. Qxc8# 1-0

[Event "Late-Titled-Tuesday-Blitz-June-04-2024"]
[Site "Chess.com"]
[Date "2024.06.04"]
[Round "4"]
[White "stollenmonster"]
[Black "Kombinator01"]
[Result "1-0"]
[WhiteElo "2868"]
[BlackElo "2489"]
[TimeControl "180+1"]
[EndTime "14:38:40 PDT"]
[Termination "stollenmonster won by resignation"]

1. e4 c5 2. Nf3 e6 3. Be2 Nf6 4. Nc3 d5 5. exd5 Nxd5 6. O-O Nxc3 7. dxc3 Qxd1 8. Rxd1 Nc6 9. Bb5 Bd7 10. Bf4 f6 11. Bd6 a6 12. Bc4 O-O-O 13. a4 Be7 14. Rd2 Rhe8 15.
Rad1 Bxd6 16. Rxd6 Na5 17. Ba2 e5 18. b4 Nc6 19. bxc5 Bg4 20. Bd5 Rxd6 21. cxd6 Kd7 22. h3 Bxf3 23. Bxf3 g6 24. Rb1 Kxd6 25. Rxb7 e4 26.
Be2 a5 27. Bb5 Rc8 28. Rb6 Kc5 29. Ra6 f5 30. Kf1 f4 31. Ke2 g5 32. g3 h6 33.
h4 gxh4 34. gxf4 h3 35. Kf1 Rg8 36. Rxc6+ Kd5 37. Rxh6 e3 38. Rxh3 Rg1+ 39. Ke2 exf2 40. Kxf2 Rc1 41. Rd3+ Kc5 42. Rd2 Rh1 43. Kg2 Rh4 44. Kg3 Rh8 45. f5 Rg8+ 46. Kf4 Rf8 1-0

[Event "Late-Titled-Tuesday-Blitz-June-04-2024"]
[Site "Chess.com"]
[Date "2024.06.04"]
[Round "4"]
[White "K_A_S_T_O_R"]
[Black "xakevicius91"]
[Result "1-0"]
[WhiteElo "2876"]
[BlackElo "2565"]
[TimeControl "180+1"]
[EndTime "14:38:40 PDT"]
[Termination "K_A_S_T_O_R won by resignation"]

1. e4 c5 2. Nf3 e6 3. d4 cxd4 4. Nxd4 Nc6 5. Nb5 d6 6. c4 Nf6 7. N1c3 a6 8. Na3 Be7 9. Be2 b6 10. O-O Bb7 11. Be3 Ne5 12. f3 Ned7 13. Rc1 O-O 14.
Qd2 Qc7 15. Rfd1 Rfe8 16. Kh1 Rac8 17. Bf1 Qb8 18. Rc2 Ne5 19. Qf2 Qa8 20. Bxb6 d5 21. Bd4 Nxc4 22. Bxc4 dxc4 23. Na4 Rcd8 24. Nxc4 e5 25.
Nxe5 Bd6 26. Nb6 Qb8 27. Nec4 Bxh2 28. e5 Bxe5 29. Nxe5 Rxe5 30. Rcd2 Rh5+ 31. Kg1 Qh2+ 32. Kf1 Re8 33. Bxf6 gxf6 34. Rd8 Rxd8 35. Rxd8+ Kg7 36. Nc4 Qh1+ 37. Qg1 Qh4 38. b3 Qf4 39. Rd1 Qh6 40.
Ke2 Bc8 41. Qe3 Qg6 42. Kf2 Be6 43. Rg1 Rg5 44. Nd2 Re5 45. Ne4 Bf5 46. Re1 Bxe4 47. fxe4 h5 48. Qf4 a5 49. g3 Rg5 50. Re3 Re5 51. Kg2 Rg5 52. Kh2 Rg4 53. Qf5 Qh6 54.
Rf3 Rg5 55. Qf4 Rg4 56. Qxh6+ Kxh6 57. Rxf6+ Kg7 58. Rf4 Rg5 59. Rf5 Rg4 60. Rxh5 Rxe4 61. Rxa5 Re2+ 62. Kh3 Rb2 63. Kg4 1-0

[Event "Late-Titled-Tuesday-Blitz-June-04-2024"]
[Site "Chess.com"]
[Date "2024.06.04"]
[Round "4"]
[White "Cuchulin"]
[Black "pavelalexandru07"]
[Result "1-0"]
[WhiteElo "2280"]
[BlackElo "2448"]
[TimeControl "180+1"]
[EndTime "14:38:40 PDT"]
[Termination "Cuchulin won by checkmate"]

1. d4 Nf6 2. Bf4 d5 3. e3 c5 4. Nc3 a6 5. dxc5 Nc6 6. Na4 e5 7. Bg3 Bxc5 8. Nxc5 Qa5+ 9. c3 Qxc5 10. Nf3 Qe7 11. Be2 O-O 12. O-O Bf5 13. h3 Rfe8 14. Bh4 Rad8 15. Qb3 h6 16. Rad1 Be6 17. Qc2 e4 18. Nd4 Ne5 19. Nxe6 Qxe6 20. Bxf6 Qxf6 21. Rd4 Nc6 22. Rd2 Qe5 23. Rfd1 Rd6 24. Qb3 b5 25. Rxd5 Rxd5 26. Qxd5 Qf6 27. Qd7 Re6 28. Bg4 Re7 29. Qc8+ Kh7 30. Qxa6 b4 31. cxb4 Nxb4 32. Qxf6 gxf6 33.
a3 Nd3 34. b4 Kg6 35. Be2 Ne5 36. a4 Rb7 37. b5 Ra7 38. Ra1 Nd3 39. a5 Nb4 40. b6 Rb7 41. Ra4 Nd5 42. Bc4 Nxb6 43. axb6 Rxb6 44. Bd5 f5 45. Ra7 Rb1+ 46. Kh2 Rb2 47.
Bxf7+ Kf6 48. Kg3 h5 49. Bxh5 Rb5 50. Ra6+ Kg5 51. Be8 Rb8 52. h4# 1-0

[Event "Late-Titled-Tuesday-Blitz-June-04-2024"]
[Site "Chess.com"]
[Date "2024.06.04"]
[Round "4"]
[White "PawnEatingZombie"]
[Black "FischerKasparow"]
[Result "1-0"]
[WhiteElo "2271"]
[BlackElo "2088"]
[TimeControl "180+1"]
[EndTime "14:38:40 PDT"]
[Termination "PawnEatingZombie won on time"]

1. e4 e6 2. d3 g6 3. Nd2 Bg7 4. Ngf3 c5 5. g3 Nc6 6. Bg2 Nge7 7. O-O h6 8. c3 d5 9. Re1 b6 10. exd5 exd5 11. Nf1 O-O 12. h4 Bg4 13. Bf4 d4 14. c4 Rc8 15. a3 Qd7 16. Qd2 Kh7 17. N1h2 Bh3 18. Bh1 Na5 19. Qc2 Nac6 20. Bd2 a5 21. Rab1 Rfe8 22. b4 axb4 23. axb4 Nf5 24.
b5 Nce7 25. Bf4 Ng8 26. Ne5 Bxe5 27. Bxe5 Re6 28. Bf4 Rxe1+ 29. Rxe1 Re8 30. Qd2 Re6 31. Rxe6 Qxe6 32. Bd5 Qf6 33. Nf3 Nge7 34. Be5 Nxd5 35. Bxf6 Nxf6 36. Ne5 Ng4 37. Nxf7 Kg7 38. Nd8 Nd6 39.
Qf4 Nf5 40. Qc7+ Kh8 41. Nf7+ Kg8 42. Nd6 Ng7 43. Qxb6 1-0

[Event "Late-Titled-Tuesday-Blitz-June-04-2024"]
[Site "Chess.com"]
[Date "2024.06.04"]
[Round "4"]
[White "margarita_2703"]
[Black "shirovin"]
[Result "1-0"]
[WhiteElo "2278"]
[BlackElo "2091"]
[TimeControl "180+1"]
[EndTime "14:38:41 PDT"]
[Termination "margarita_2703 won by checkmate"]

1. e4 Nf6 2. e5 Nd5 3. Nc3 Nxc3 4. bxc3 d6 5. f4 Nc6 6. d4 dxe5 7. fxe5 Bf5 8. Nf3 e6 9. Bd3 Bxd3 10. Qxd3 Be7 11.
O-O O-O 12. Rb1 Na5 13. Nd2 b6 14. Nb3 Nb7 15. Qg3 Re8 16. Bh6 Bf8 17. Rbe1 c5 18.
Re4 g6 19. Bg5 Be7 20. Be3 cxd4 21. cxd4 Bf8 22. Ref4 Qd7 23. Rxf7 Qxf7 24. Rxf7 Kxf7 25. Qf3+ Kg8 26. Qxb7 Rac8 27. Qe4 Rc3 28. Bg5 Rec8 29. d5 R3c4 30. Nd4 Bc5 31. Be3 Bxd4 32. Bxd4 Rxc2 33. dxe6 Rc1+ 34. Kf2 R8c2+ 35. Kg3 Rd1 36. e7 Kf7 37. Qd5+ Kxe7 38. Qd6+ Ke8 39. e6 Rd3+ 40.
Kh4 Rc4 41. Qd7+ Kf8 42. Qf7# 1-0

[Event "Late-Titled-Tuesday-Blitz-June-04-2024"]
[Site "Chess.com"]
[Date "2024.06.04"]
[Round "4"]
[White "Chessgod9oninsta"]
[Black "omer1997"]
[Result "1-0"]
[WhiteElo "2713"]
[BlackElo "2519"]
[TimeControl "180+1"]
[EndTime "14:38:43 PDT"]
[Termination "Chessgod9oninsta won on time"]

1. d4 d5 2. c4 c6 3. Nc3 Nf6 4. Nf3 dxc4 5. a4 Bf5 6. e3 e6 7. Bxc4 Bb4 8. O-O O-O 9. Nh4 Bg6 10. Nxg6 hxg6 11. f3 Qa5 12. Na2 Be7 13. Qc2 Rd8 14. b4 Qc7 15. Bb2 Nbd7 16. e4 Nb6 17. Bb3 a5 18. bxa5 Rxa5 19. Bc3 Rh5 20. g4 Rh3 21. Qg2 Rh7 22. a5 Nbd7 23. Rac1 Qf4 24. Bd2 Qc7 25. Nb4 Nb8 26. e5 Nd5 27. Nxd5 exd5 28.
f4 Na6 29. f5 Bb4 30. Bf4 Qxa5 31. fxg6 fxg6 32. Bc2 Bc3 33. Be3 Qb4 34. Bxg6 Bxd4 35. Bxh7+ Kxh7 36. Qf2 Bxe3 37. Qxe3 Qxg4+ 38. Kh1 Qe4+ 39.
Qxe4+ dxe4 40. Rfe1 Rd4 41. Rcd1 Rxd1 42. Rxd1 Kg6 43. Rd7 Nc5 44. Rc7 Kf5 45. Rxg7 Kxe5 46. h4 e3 47. Kg2 Ne6 48. Rg8 e2 49. Kf2 Nf4 50. h5 1-0

[Event "Late-Titled-Tuesday-Blitz-June-04-2024"]
[Site "Chess.com"]
[Date "2024.06.04"]
[Round "4"]
[White "Emp3rador"]
[Black "andrejljepic"]
[Result "0-1"]
[WhiteElo "2616"]
[BlackElo "2423"]
[TimeControl "180+1"]
[EndTime "14:38:44 PDT"]
[Termination "andrejljepic won on time"]

1. e4 c5 2. Nf3 g6 3. c4 Bg7 4. d4 cxd4 5. Nxd4 Nc6 6. Be3 Nf6 7.
Nc3 Ng4 8. Qxg4 Nxd4 9. Qd1 Ne6 10.
Qd2 Qa5 11. Rc1 b6 12. Be2 Bb7 13. f3 g5 14. O-O Be5 15. Rfd1 Bf4 16. Qxd7+ Kf8 17.
Bxf4 Qc5+ 18. Kf1 Bc8 19. Qd5 Qxd5 20. cxd5 Nxf4 21. Bb5 Kg7 22. d6 exd6 23. Rxd6 Be6 24. Bc6 Rac8 25. Nd5 Nd3 26. Rc2 Ne5 27. Ba4 Rxc2 28.
Bxc2 Rc8 29. Ne3 h5 30. a3 h4 31. Kf2 Ng6 32. g3 hxg3+ 33. hxg3 Kf6 34. Ba4 Ke7 35. Rc6 Rd8 36. Ke2 Rh8 37. Rc7+ Kf6 38. Bc2 Rh2+ 39. Kd1 Rf2 40. Rxa7 Rxf3 41. Kd2 Rxg3 42. Rb7 Ne5 43. Rxb6 g4 0-1

[Event "Late-Titled-Tuesday-Blitz-June-04-2024"]
[Site "Chess.com"]
[Date "2024.06.04"]
[Round "4"]
[White "cassoulet"]
[Black "rezamahdavi2008"]
[Result "0-1"]
[WhiteElo "2755"]
[BlackElo "2939"]
[TimeControl "180+1"]
[EndTime "14:38:49 PDT"]
[Termination "rezamahdavi2008 won by resignation"]

1. d4 Nf6 2. Bg5 c5 3. Bxf6 gxf6 4. d5 f5 5. c4 Qa5+ 6. Nc3 Bg7 7. Qc1 d6 8. e3 O-O 9. Nh3 Nd7 10. Be2 a6 11. O-O b5 12. cxb5 axb5 13. Nxb5 Ba6 14. a4 Nb6 15. Qc2 Nxd5 16. Qxf5 e6 17. Qg4 Qb4 18. Qg3 Rfd8 19. Rad1 Qxa4 20. Ra1 Qb4 21. Rxa6 Rxa6 22. Nc3 Nxc3 23. bxc3 Qa4 24. Bxa6 Qxa6 25. Nf4 Kh8 26. Nh5 Bxc3 27. e4 Bd4 28. h3 Qe2 29. Qh4 Rg8 30. Nf6 Rg7 31. Nh5 Rg6 32. Rb1 Bxf2+ 33. Qxf2 Qxh5 34. Kh2 Qe5+ 35. Kh1 Kg7 36. Rf1 Rf6 37. Qe2 Rxf1+ 38. Qxf1 Qxe4 39. Qc1 Qe5 40. Qd1 h6 41. Qg4+ Qg5 42. Qa4 d5 43. Qa1+ d4 44. Qa7 d3 45.
Qd7 Qd5 46. Qe7 d2 47. Kh2 d1=Q 48. Qh4 Qe5+ 0-1

[Event "Late-Titled-Tuesday-Blitz-June-04-2024"]
[Site "Chess.com"]
[Date "2024.06.04"]
[Round "4"]
[White "fly_21"]
[Black "patzer-reloaded"]
[Result "1-0"]
[WhiteElo "2599"]
[BlackElo "2398"]
[TimeControl "180+1"]
[EndTime "14:38:49 PDT"]
[Termination "fly_21 won by resignation"]

1. d4 Nf6 2. c4 e6 3. g3 d5 4. Nf3 c5 5. Bg2 Nc6 6. O-O Be7 7. cxd5 exd5 8. dxc5 Bxc5 9. a3 O-O 10. b4 Be7 11. Bb2 a6 12. Nc3 Bg4 13. h3 Bh5 14. Nd4 Re8 15. Nxc6 bxc6 16. Rc1 a5 17. b5 cxb5 18.
Nxb5 Rc8 19. g4 Rxc1 20. Qxc1 Bg6 21. Nc7 Rf8 22. Rd1 Qb8 23. Nxd5 Nxd5 24. Bxd5 Rc8 25. Qe3 Bf8 26. Be5 Qb5 27. Kg2 Re8 28. Qd4 Kh8 29.
Rd2 f6 30. Bg3 Bxa3 31. Qc4 Qxc4 32. Bxc4 Bb4 33. Rd7 Ra8 34. Bd5 Re8 35. e3 h6 36.
Ra7 Be4+ 37. Bxe4 Rxe4 38. Bc7 Re5 39. Bxe5 fxe5 40. Kf3 Kg8 41. Ke4 Kf8 42. Kxe5 Ke8 43. Ke6 Kd8 44. Rxg7 a4 45. Ra7 a3 46. f4 Kc8 47. f5 Kb8 48. Ra4 Bc5 49. f6 Kb7 50. f7 Kb6 51. Kf6 Kb5 52. Ra8 Kb4 53.
f8=Q 1-0

[Event "Late-Titled-Tuesday-Blitz-June-04-2024"]
[Site "Chess.com"]
[Date "2024.06.04"]
[Round "4"]
[White "EsmeraldasAnderson03"]
[Black "djano"]
[Result "1-0"]
[WhiteElo "2455"]
[BlackElo "2605"]
[TimeControl "180+1"]
[EndTime "14:38:50 PDT"]
[Termination "EsmeraldasAnderson03 won by resignation"]

1. d4 Nf6 2. c4 g6 3. Nc3 Bg7 4. e4 d6 5. Be2 O-O 6. Be3 Nc6 7. d5 Ne5 8. h3 c5 9. f4 Ned7 10. Nf3 a6 11. O-O b5 12. cxb5 axb5 13. Bxb5 Rb8 14. a4 Ne8 15. Qd2 Nc7 16. Bc6 Ba6 17. Rfe1 Rb4 18. e5 Nb8 19. a5 dxe5 20. fxe5 Nxc6 21.
Bxc5 Qb8 22. dxc6 Rxb2 23. Qe3 Re8 24. Bb6 Ne6 25. Nd5 Qc8 26. Rac1 g5 27. Red1 Bh6 28. Qc3 Re2 29. Nd4 Nxd4 30. Rxd4 Qf5 31. Rg4 Rxe5 32.
Nc7 Rc8 33. Nxa6 Bg7 34. Qc2 Qe6 35. Qd2 h6 36. c7 Rd5 37. Qe1 Qd7 38. Nc5 Qb5 39.
Re4 e5 40. Qe2 Qe8 41. Qc4 Rd4 42. Rxd4 exd4 43. Nb7 Qe3+ 44. Kh1 d3 45. Bxe3 d2 46. Bxd2 1-0

[Event "Late-Titled-Tuesday-Blitz-June-04-2024"]
[Site "Chess.com"]
[Date "2024.06.04"]
[Round "4"]
[White "ural58"]
[Black "KChor05"]
[Result "0-1"]
[WhiteElo "2429"]
[BlackElo "2641"]
[TimeControl "180+1"]
[EndTime "14:38:51 PDT"]
[Termination "KChor05 won by resignation"]

1. e4 c5 2. b3 Nf6 3. e5 Nd5 4. Nc3 Nb6 5. d4 cxd4 6. Qxd4 Nc6 7. Qe3 e6 8. Bb2 Bb4 9. O-O-O O-O 10. a3 Be7 11. Nf3 f5 12. h4 Qe8 13. h5 Rb8 14. g3 Na8 15. Nd4 Nxd4 16. Qxd4 b6 17. Bg2 Bc5 18. Qd2 Nc7 19. f4 Rf7 20. Kb1 Bb7 21. Bxb7 Rxb7 22. Nb5 Nxb5 23. Qg2 Rb8 24. b4 Bf8 25. c4 Nc7 26. g4 fxg4 27. Qxg4 Rf5 28. Bd4 Qf7 29. Be3 Rd8 30. Rd3 d5 31. exd6 Rxd6 32.
Rc3 Qf6 33. Rhc1 Rd7 34. Ka2 e5 35. fxe5 Qxe5 36. Kb3 Rff7 37. R1c2 Ne6 38. h6 Nd4+ 39. Bxd4 Rxd4 40. Qc8 g6 41. c5 bxc5 42. Rxc5 Rd3+ 43. Ka4 Qf6 44. Re2 Rd8 45. Qh3 Bxc5 0-1

[Event "Late-Titled-Tuesday-Blitz-June-04-2024"]
[Site "Chess.com"]
[Date "2024.06.04"]
[Round "4"]
[White "jinxy2009"]
[Black "OIAM03"]
[Result "1-0"]
[WhiteElo "2262"]
[BlackElo "2036"]
[TimeControl "180+1"]
[EndTime "14:38:51 PDT"]
[Termination "jinxy2009 won on time"]

1. c4 Nf6 2. Nf3 g6 3. g3 Bg7 4. Bg2 O-O 5. O-O c6 6. d4 d5 7. Nc3 Ne4 8. cxd5 Nxc3 9. bxc3 cxd5 10. Bf4 Nc6 11. Rc1 Re8 12. c4 dxc4 13. d5 Nb4 14.
Rxc4 Nxd5 15. Be5 f6 16. Bb2 Be6 17. Qc2 Rc8 18. Nd4 Bf7 19. Rxc8 Qxc8 20. Rc1 Qxc2 21.
Rxc2 Nb4 22. Rc7 Nxa2 23. Rxb7 a5 24. Nc6 a4 25. Nxe7+ Kh8 26. Nd5 f5 27. Ba3 Bxd5 28. Bxd5 Nc3 29. Bc4 Ne4 30. Kg2 Nd2 31. Bd3 Ne4 32.
f3 Nc3 33. Bb4 Nxe2 34. Bxe2 Rxe2+ 35. Kf1 Re8 36. Ra7 Bd4 37. Rxa4 Kg7 38. Bd2 Kf6 39. Rxd4 1-0

[Event "Late-Titled-Tuesday-Blitz-June-04-2024"]
[Site "Chess.com"]
[Date "2024.06.04"]
[Round "4"]
[White "Sl4werThanYou"]
[Black "LeninGuerra"]
[Result "1/2-1/2"]
[WhiteElo "2748"]
[BlackElo "2547"]
[TimeControl "180+1"]
[EndTime "14:38:52 PDT"]
[Termination "Game drawn by repetition"]

1. d4 Nf6 2. c4 c5 3. d5 b5 4.
cxb5 a6 5. bxa6 Bxa6 6. Nc3 d6 7. Nf3 Nbd7 8. g3 g6 9. Bg2 Bg7 10. Rb1 O-O 11. O-O Nb6 12. Re1 Bc4 13. e4 Bxa2 14.
Nxa2 Rxa2 15. Qb3 Ra4 16. e5 Nfxd5 17. exd6 exd6 18. Bg5 Qd7 19. Red1 Rb4 20. Qc2 h6 21. Bd2 Rc4 22. Qb3 Qa4 23. Qd3 Qc2 24. Qf1 Qb3 25.
Ba5 Rc2 26. Rd3 Qb5 27. Qd1 Rxb2 28. Rxb2 Qxb2 29. Rxd5 Nxd5 30. Qxd5 Qa1+ 31. Be1 Re8 32. Bf1 Rxe1 33. Nxe1 Qxe1 34. Qxd6 Bd4 35. Qf4 g5 36. Qf5 Qe5 37. Qf3 Kg7 38. Kg2 Qf6 39. Qe2 Qc6+ 40.
Kh3 Qe6+ 41. Qxe6 fxe6 42. f4 Kf6 43. fxg5+ hxg5 44. Kg4 Be3 45. Bc4 Bg1 46. h3 Bf2 47. Kf3 Be1 48. Bb3 Ke5 49. Bc4 Kf5 50. Bd3+ Ke5 51.
Bc4 Kd6 52. Kg4 e5 53. Kf3 e4+ 54. Kxe4 Bxg3 55. Kf5 Bh4 56. Bb3 Kc6 57. Bc4 Kb6 58. Ke4 Ka5 59. Kd5 Kb4 60. Be2 Bf2 61. Bf3 Bd4 62. Be2 Bf2 63. Bc4 Bd4 64. Be2 Bf2 1/2-1/2

[Event "Late-Titled-Tuesday-Blitz-June-04-2024"]
[Site "Chess.com"]
[Date "2024.06.04"]
[Round "4"]
[White "MarceloPlaya"]
[Black "dolynachess"]
[Result "1/2-1/2"]
[WhiteElo "2350"]
[BlackElo "2508"]
[TimeControl "180+1"]
[EndTime "14:38:52 PDT"]
[Termination "Game drawn - insufficient material"]

1. e4 c5 2. Nf3 d6 3. d4 cxd4 4. Nxd4 Nf6 5. Nc3 g6 6. Be3 Nc6 7. Bc4 h5 8. f3 Bd7 9. Qd2 Nxd4 10.
Bxd4 Bh6 11. Be3 Bxe3 12. Qxe3 Qa5 13. O-O-O Rc8 14. Bb3 h4 15. Kb1 Rh5 16. Nd5 Nxd5 17. exd5 Ba4 18. Rhe1 Re5 19. Bxa4+ Qxa4 20. Qf2 Rxe1 21.
Rxe1 a6 22. b3 Qf4 23. Re4 Qxh2 24. Rxh4 Qe5 25. Qd2 Rc5 26. Rd4 b5 27. f4 Qf5 28.
Kb2 Kf8 29. Qd3 Qxd3 30. Rxd3 Kg7 31. g4 g5 32. fxg5 Kg6 33. Re3 Rxd5 34. Rxe7 Rxg5 35.
Ra7 Rxg4 36. Rxa6 Rd4 37. c3 Rd5 38. c4 bxc4 39. bxc4 Rd2+ 40. Kc3 Rd1 41. c5 Rc1+ 42. Kb4 Rb1+ 43. Kc4 Rc1+ 44. Kd4 Rd1+ 45. Ke3 Kf6 46.
a4 Ke7 47. Ra7+ Ke6 48. c6 Rc1 49. c7 f5 50. a5 Kd7 51. Kf4 Rxc7 52. Rxc7+ Kxc7 53.
Kxf5 Kb7 54. Ke6 Ka6 55. Kxd6 Kxa5 1/2-1/2

[Event "Late-Titled-Tuesday-Blitz-June-04-2024"]
[Site "Chess.com"]
[Date "2024.06.04"]
[Round "4"]
[White "KingCyber19"]
[Black "rionelG"]
[Result "1-0"]
[WhiteElo "2620"]
[BlackElo "2321"]
[TimeControl "180+1"]
[EndTime "14:38:53 PDT"]
[Termination "KingCyber19 won by resignation"]

1. d4 d5 2. c4 e6 3. Nc3 Nf6 4. cxd5 exd5 5. Bg5 c6 6. e3 Be7 7. Bd3 h6 8. Bh4 O-O 9. Qc2 Re8 10. Nge2 Ne4 11. Bxe7 Qxe7 12. O-O Nd7 13. Rae1 Qg5 14. Nxe4 dxe4 15. Bxe4 Nf6 16. Bf3 Be6 17. Nf4 Bg4 18. Bxg4 Nxg4 19. h3 Nf6 20. Qb3 Rab8 21. Ne2 Re6 22.
Nf4 Ree8 23. Rc1 Ne4 24. Rfd1 Qh4 25. Qc2 g5 26. Nd3 Rbd8 27. Ne5 Kg7 28. Re1 Nd6 29. b4 Qh5 30. a4 f6 31. Nf3 a6 32. Qc5 Qg6 33.
Qb6 g4 34. hxg4 Qxg4 35. Red1 Kf7 36. d5 Rg8 37. Ne1 Nf5 38. Qc7+ Kg6 39. Nd3 Rxd5 40. Nf4+ Kg5 41. Nxd5 cxd5 42. Rxd5 h5 43. Rcc5 Kh6 44.
Qf4+ Rg5 45. Qxg4 1-0

[Event "Late-Titled-Tuesday-Blitz-June-04-2024"]
[Site "Chess.com"]
[Date "2024.06.04"]
[Round "4"]
[White "dosto07"]
[Black "NikitaShnadrygin"]
[Result "0-1"]
[WhiteElo "2520"]
[BlackElo "2714"]
[TimeControl "180+1"]
[EndTime "14:38:54 PDT"]
[Termination "NikitaShnadrygin won by resignation"]

1. e4 c5 2. Nf3 e6 3. g3 Nc6 4. Bg2 d5 5. exd5 exd5 6. d4 cxd4 7. O-O Bc5 8. Nbd2 Nge7 9. Nb3 Bb6 10. Nbxd4 O-O 11. Be3 Bg4 12. Qd2 Qc8 13. Rfe1 Na5 14. Ne5 Be6 15. Nxe6 fxe6 16. Bxb6 axb6 17. Bh3 Nf5 18.
Re2 Qc7 19. Rae1 Kh8 20. b4 Nc4 21. Nxc4 Qxc4 22. Rxe6 Nd4 23. Bg2 Nxe6 24. Rxe6 d4 25. Re7 Rxa2 26. h4 Qxc2 27. Qxd4 Qxf2+ 28. Qxf2 Raxf2 29. Rxb7 R2f6 30. b5 g5 31. hxg5 Rg6 32. Be4 Rxg5 33. Rxh7+ Kg8 34. Kg2 Rxb5 35. Rb7 Rb4 36. Bd5+ Kh8 37.
Kh3 Rd8 38. Be6 Rd6 39. Bf5 Rh6+ 40. Kg2 Rb3 41. g4 Rd6 42. Rb8+ Kg7 43. Rb7+ Kf6 44. Rd7 Rxd7 45. Bxd7 Rc3 46. Kf2 Ke5 47. Ke2 Kd4 48. Kd2 Rg3 49. Kc2 Kc4 50. Be6+ Kb4 51. Bf5 b5 52.
Kb2 Rg2+ 53. Kc1 Kc3 54. Kd1 b4 55. Ke1 b3 56. Kf1 Rd2 57. g5 Rd5 58. Be6 Rxg5 59. Ke2 Re5+ 60. Kf3 Rxe6 0-1

[Event "Late-Titled-Tuesday-Blitz-June-04-2024"]
[Site "Chess.com"]
[Date "2024.06.04"]
[Round "4"]
[White "Road2GM3000"]
[Black "Agustin_Meza"]
[Result "1-0"]
[WhiteElo "2445"]
[BlackElo "2181"]
[TimeControl "180+1"]
[EndTime "14:38:54 PDT"]
[Termination "Road2GM3000 won by checkmate"]

1. d4 e6 2. c4 d5 3. Nc3 Nf6 4.
cxd5 exd5 5. Nf3 Bb4 6. Bg5 h6 7. Bh4 O-O 8. e3 c6 9. Bd3 Bg4 10. h3 Bh5 11. Qc2 Nbd7 12. g4 Bg6 13. Bxg6 fxg6 14.
Qxg6 Qa5 15. O-O Bxc3 16. bxc3 Ne4 17. Ne5 Nxe5 18. dxe5 Qxc3 19. e6 Qe5 20. f4 Qc3 21.
Rae1 Rae8 22. f5 Nf6 23. Bxf6 Qxf6 24. Qxf6 gxf6 25. e4 d4 26. e5 Kg7 27. h4 Rg8 28. Kf2 fxe5 29. Rxe5 Kf6 30. Re4 c5 31. Kf3 Rd8 32.
Kf4 d3 33. e7 Rde8 34. g5+ hxg5+ 35. hxg5+ Kf7 36. g6+ Kg7 37. Kg5 Rgf8 38. f6+ Rxf6 39. Rxf6 d2 40. Rf1 b5 41. Rd1 c4 42. Rxd2 a5 43.
Rd8 c3 44. Rxe8 c2 45. Rg8+ Kxg8 46. e8=Q+ Kg7 47. Qf7+ Kh8 48. Qh7# 1-0

[Event "Late-Titled-Tuesday-Blitz-June-04-2024"]
[Site "Chess.com"]
[Date "2024.06.04"]
[Round "4"]
[White "dealshark"]
[Black "IlanSchnaider"]
[Result "0-1"]
[WhiteElo "2418"]
[BlackElo "2772"]
[TimeControl "180+1"]
[EndTime "14:38:55 PDT"]
[Termination "IlanSchnaider won by resignation"]

1. e4 e5 2. Nf3 Nc6 3. Bc4 Nf6 4.
d3 Bc5 5. O-O O-O 6. c3 d6 7.
Nbd2 a5 8. a4 h6 9. Re1 Ng4 10.
Re2 Ba7 11. h3 Nf6 12. Nf1 Be6 13. Bb3 Qd7 14. Ng3 Rae8 15. Bc2 Ne7 16. d4 Ng6 17. d5 Bxh3 18. gxh3 Qxh3 19. Be3 Nf4 20. Qf1 Nxe2+ 21. Qxe2 Bxe3 22. Qxe3 Qg4 23. Nh2 Qg6 24. Kh1 Ng4 25. Nxg4 Qxg4 26. Kg2 c6 27. dxc6 bxc6 28.
Rd1 Re6 29. Qf3 Qh4 30. Rh1 Qg5 31. Rh5 Qd2 32. Qd3 Qc1 33. b3 Rf6 34. Rh1 Qf4 35.
Qe2 d5 36. Rd1 Rd8 37. Kf1 Qxg3 38. Rd3 Qh4 39. Ke1 Re8 40. b4 axb4 41. cxb4 dxe4 42. Rd7 Qh3 43. Bxe4 Qxd7 44. a5 Qd4 45. Kf1 Rxf2+ 46. Qxf2 Qxe4 0-1

[Event "Late-Titled-Tuesday-Blitz-June-04-2024"]
[Site "Chess.com"]
[Date "2024.06.04"]
[Round "4"]
[White "BerlinDrawer"]
[Black "Zhigalko_Sergei"]
[Result "0-1"]
[WhiteElo "2573"]
[BlackElo "2910"]
[TimeControl "180+1"]
[EndTime "14:38:57 PDT"]
[Termination "Zhigalko_Sergei won on time"]

1. d4 Nf6 2. c4 e6 3. Nf3 b6 4. g3 Ba6 5. Qc2 Bb4+ 6. Bd2 Be7 7. Bg2 O-O 8. O-O c6 9. Bf4 d5 10. Nbd2 Nbd7 11. Rfd1 Nh5 12. e3 g5 13. Be5 f6 14.
cxd5 cxd5 15. Bc7 Qe8 16. Rac1 Bb7 17. e4 Rc8 18. Qd3 Qg6 19. Re1 Ng7 20. Qb5 Qe8 21.
exd5 Bxd5 22. Qa6 Nf5 23. a3 Qf7 24. h3 h5 25. Qd3 Bd6 26. Bxd6 Nxd6 27. b4 Rfe8 28.
a4 Nf8 29. b5 Qh7 30. Qa3 Qd7 31. Qd3 Kg7 32. Qa3 Nf5 33. Qb4 Ng6 34. a5 Red8 35. a6 Rc7 36. Qb2 Rdc8 37. Bf1 h4 38. g4 Nd6 39. Bd3 Nf4 40. Bf1 Nc4 41. Nxc4 Bxc4 42. Bxc4 Rxc4 43. Rcd1 Nxh3+ 44. Kg2 Rc2 0-1

[Event "Late-Titled-Tuesday-Blitz-June-04-2024"]
[Site "Chess.com"]
[Date "2024.06.04"]
[Round "4"]
[White "IMRosen"]
[Black "jup1978"]
[Result "1-0"]
[WhiteElo "2741"]
[BlackElo "2416"]
[TimeControl "180+1"]
[EndTime "14:38:57 PDT"]
[Termination "IMRosen won by resignation"]

1. d4 d5 2. Bf4 c5 3. Nc3 e6 4. e4 cxd4 5. Nb5 Na6 6. Qxd4 Nf6 7.
exd5 Nxd5 8. Bg3 Qb6 9. Nf3 Qxd4 10. Nfxd4 Bc5 11. c3 O-O 12. Be2 Bd7 13. O-O Rfe8 14.
Rfe1 e5 15. Nb3 Bf8 16. Rad1 Nf6 17. Bh4 Bxb5 18. Bxb5 Red8 19. Na5 Nc5 20. f3 a6 21. Bc4 b6 22. Nc6 Rxd1 23. Rxd1 Rc8 24. Nxe5 Rc7 25.
Rd8 b5 26. Bb3 Nxb3 27. axb3 Ra7 28. Bxf6 gxf6 29. Nd7 Kg7 30. Nxf8 a5 31. Nd7 a4 32.
bxa4 Rxa4 33. Rb8 Ra7 34. Nc5 Re7 35. Rxb5 Re2 36. Ne4 Rc2 37. Ng3 Kg6 38. h4 f5 39.
Nxf5 h5 40. Ne3 Re2 41. Nf1 Rc2 42. Rb4 f6 43. c4 Kf5 44. b3 Ke5 45. Rb5+ Kf4 46.
Rxh5 f5 47. Rh8 Rc1 48. h5 Kg5 49. h6 f4 50. h7 Kh4 51. Rg8 Rxf1+ 52. Kxf1 1-0

[Event "Late-Titled-Tuesday-Blitz-June-04-2024"]
[Site "Chess.com"]
[Date "2024.06.04"]
[Round "4"]
[White "crescentmoon2411"]
[Black "Ykow"]
[Result "0-1"]
[WhiteElo "2880"]
[BlackElo "2584"]
[TimeControl "180+1"]
[EndTime "14:39:01 PDT"]
[Termination "Ykow won by resignation"]

1. e3 e5 2. Nf3 d6 3. d4 Nd7 4. c4 Ngf6 5. Nc3 Be7 6. Bd3 O-O 7. g4 exd4 8. exd4 Re8 9. g5 Nh5 10. Be3 b5 11. cxb5 Bb7 12. Rg1 Nb6 13. Nh4 g6 14. Nf5 Bf8 15. Qg4 Nd5 16. Nxd5 Bxd5 17. O-O-O a6 18.
bxa6 c6 19. a3 Rb8 20. Rd2 Kh8 21. Ng3 Ng7 22. h4 Be6 23. Qe2 Qc8 24. Rh1 Bg4 25.
Qf1 Bf3 26. h5 Nxh5 27. Nxh5 Bxh5 28. Rxh5 gxh5 29. Qh1 Qg4 30. Be2 Qf5 31. Qxh5 Qg6 32. Qh1 c5 33. Bd3 Qg7 34. dxc5 dxc5 35. Bf4 Rxb2 36.
Rxb2 Qc3+ 37. Kb1 Qxd3+ 38. Ka2 Qc4+ 39. Kb1 Qxf4 40. a7 Qf5+ 41. Ka2 Qe6+ 42. Kb1 Qa6 43. Rb8 Qd3+ 44. Ka2 Qc2+ 45. Rb2 Qc4+ 46. Kb1 Qd3+ 47.
Ka2 Qa6 48. Rb8 Qe2+ 49. Kb1 Qd3+ 50. Ka2 Re2+ 51. Ka1 Qxa3+ 0-1